 Dungeon Crawl Stone Soup version 0.23.2-33-g5129a83184 (webtiles) character file.

Game seed: 8467613347096246977

10940 Felnil the Protected (level 11, 0/75 HPs)
             Began as a Mummy Fighter on Aug 9, 2019.
             Was a Plaything of Xom.
             Slain by a fire giant
             ... wielding a +1 great sword of flaming
              (14 damage)
             ... on level 11 of the Dungeon.
             The game lasted 00:58:09 (16253 turns).

Felnil the Protected (Mummy Fighter)               Turns: 16253, Time: 00:58:09

Health: 0/75       AC: 20    Str: 26    XL:     11   Next: 42%
Magic:  11/11      EV:  5    Int: 11    God:    Xom [...*..]
Gold:   615        SH: 12    Dex: 13    Spells: 10/10 levels left

rFire    x . .     SeeInvis .   f - +4 rapier "Zupu" {freeze, rF- Str+3 Dex+2}
rCold    . . .     Gourm    .   c - +3 shield
rNeg     + + +     Faith    .   e - +0 plate armour
rPois    ∞         Spirit   .   (no helmet)
rElec    .         Reflect  .   r - +2 cloak {MR+}
rCorr    .         Harm     .   (no gloves)
MR       ++...                  (no boots)
Stlth    ..........             (no amulet)
HPRegen  0.22/turn              n - ring of fire
MPRegen  0.12/turn              g - +3 ring of intelligence

@: about to teleport
A: no food or potions, fire vulnerability, cold resistance 1, negative energy
resistance 3, torment resistance, unbreathing
a: Renounce Religion


You were on level 11 of the Dungeon.
You worshipped Xom.
You were a favourite toy of Xom.
You were not hungry.

You visited 1 branch of the dungeon, and saw 11 of its levels.

You collected 615 gold pieces.

Inventory:

Hand Weapons
 a - a +0 rapier of piercing
 d - a +0 dagger of speed
 f - the +4 rapier "Zupu" (weapon) {freeze, rF- Str+3 Dex+2}
   (You found it on level 4 of the Dungeon)

   It has been specially enchanted to freeze those struck by it, causing extra
   injury to most foes and up to half again as much damage against particularly
   susceptible opponents.
   It can also slow down cold-blooded creatures.
   It affects your strength (+3).
   It affects your dexterity (+2).
   It makes you vulnerable to fire.
 p - a +3 flail of protection
 q - a +4 quarterstaff of chaos
Missiles
 i - 2 poisoned tomahawks (quivered)
 l - 12 tomahawks
Armour
 c - a +3 shield (worn)
 e - a +0 plate armour (worn)
 r - a +2 cloak of magic resistance (worn)
 u - a scarf of resistance
Jewellery
 g - a +3 ring of intelligence (right hand)
 n - a ring of fire (left hand)
Wands
 h - a wand of polymorph (15)
 m - a wand of flame (14)
 s - a wand of paralysis (4)
 v - a wand of enslavement (3)
Scrolls
 j - 9 scrolls of identify
 k - 3 scrolls of amnesia
 o - 4 scrolls of remove curse
 t - a scroll of fear


   Skills:
 - Level 3.0 Fighting
 - Level 1.5 Short Blades
 + Level 14.7 Armour
 - Level 2.4 Shields


You had 10 spell levels left.
You didn't know any spells.
Your spell library contained the following spells:

 Spells                   Type           Power        Failure   Level  Hunger
 Corona                   Hex            #......      100%        1    N/A
 Ensorcelled Hibernation  Hex/Ice        #.....       100%        2    N/A
 Sticks to Snakes         Tmut           #.......     100%        2    N/A
 Confuse                  Hex            #.......     100%        3    N/A
 Dazzling Spray           Conj/Hex       #.....       100%        3    N/A
 Tukima's Dance           Hex            #.......     100%        3    N/A
 Beastly Appendage        Tmut           Unusable     N/A         1    N/A
 Spider Form              Tmut/Pois      Unusable     N/A         3    N/A
 Ice Form                 Ice/Tmut       Unusable     N/A         4    N/A
 Blade Hands              Tmut           Unusable     N/A         5    N/A

Dungeon Overview and Level Annotations

Branches:
Dungeon (11/15)            Temple (0/1) D:7            Lair (0/6) D:9
    Orc (0/2) D:9

Altars:
Vehumet
Xom
Lugonu


Innate Abilities, Weirdness & Mutations

You do not eat or drink.
Your flesh is vulnerable to fire.
You are immune to poison.
Your flesh is cold resistant. (rC+)
You are immune to negative energy. (rN+++)
You are immune to unholy pain and torment.
You can survive without breathing.


Message History

An orc comes into view. It is wielding a +0 flail.
As you close the door, it creaks loudly!
Something unseen opens the door.
You close the door.
Something unseen opens the door.
Throwing (i - inventory. (/) - cycle)
i - 3 poisoned tomahawks (quivered)
Press: ? - help, Shift-Dir - straight line, f/p - fire giant
Aim: a fire giant, wielding a +1 great sword of flaming (lightly wounded, poisoned)
You throw a poisoned tomahawk.
The poisoned tomahawk hits the fire giant.
The fire giant looks as sick as possible!
The fire giant is lightly wounded.
The fire giant gestures at you while chanting.
The fireball explodes!
The fireball engulfs you!!! The fire burns you terribly!
Ouch! That really hurt!
* * * LOW HITPOINT WARNING * * *
As you read the scroll of teleportation, it crumbles to dust.
You feel strangely unstable.
The fire giant hits you with a +1 great sword of flaming!
You die...
Xom cackles wildly!

..# ## ..# ..
.## ..# . ...
#.#.## ...
#.#o.#... $..
#.'.o?(.. ...
#o# ... #C# ?.
############@#
.
.............#
########'#####
#####+
##..##..###
#.....
#.##..##..#
#....#
##..##..###
#..#..
#.##..##..#
#.....
+#..##..##+
+.#..⌠
#.##..##..#
#.....


You could see a fire giant and an orc wizard.

Vanquished Creatures
  An unseen horror (D:10)
  A deep elf mage (D:7)
  An elephant (D:7)
  Joseph (D:8)
  A gargoyle (D:10)
  A komodo dragon (D:9)
  2 trolls
  2 red devils (D:9)
  Prince Ribbit (D:7)
  A hippogriff (D:7)
  4 yaks
  2 hogs (D:8)
  A hungry ghost (D:7)
  A spatial vortex (D:10)
  Edmund (D:5)
  An acid dragon (D:11)
  5 orc warriors
  A black bear (D:10)
  6 ice beasts
  An eye of draining (D:10)
  2 phantoms
  3 sky beasts
  A necrophage (D:7)
  7 ogres
  3 centaurs
  3 big kobolds
  6 bullfrogs
  3 gnoll sergeants (D:9)
  A wyvern zombie (D:4)
  A water moccasin zombie (D:7)
  2 scorpions (D:8)
  5 killer bees
  2 howler monkeys (D:8)
  5 wights (D:9)
  A centaur zombie (D:5)
  5 crimson imps
  7 orc priests
  Crazy Yiuf (D:6)
  2 gnoll shamans
  7 hounds
  4 jellies
  A bullfrog skeleton (D:6)
  5 iguanas
  4 worker ants
  6 orc wizards
  A worker ant zombie (D:8)
  Robin (D:2)
  14 gnolls
  A howler monkey zombie (D:6)
  14 adders
  4 oozes
  2 adder zombies
  An adder skeleton (D:7)
  2 worms
  A dart slug (D:2)
  4 leopard geckos
  39 orcs
  4 ball pythons
  6 bats
  7 giant cockroaches
  13 goblins
  10 hobgoblins
  8 jackals
  5 quokkas
  9 frilled lizards
  3 kobolds
  A leopard gecko skeleton (D:4)
  A quokka zombie (D:7)
  8 rats
281 creatures vanquished.

Vanquished Creatures (collateral kills)
  A two-headed ogre (D:11)
  2 yaks (D:8)
  A tengu (D:8)
4 creatures vanquished.

Vanquished Creatures (others)
  14 plants (D:9)
14 creatures vanquished.

Grand Total: 299 creatures vanquished

Notes
Turn   | Place    | Note
-------+----------+-------------------------------------------
     0 | D:1      | Felnil the Mummy Fighter began the quest for the Orb.
     0 | D:1      | Reached XP level 1. HP: 18/18 MP: 1/1
    79 | D:1      | Reached XP level 2. HP: 24/24 MP: 2/2
    93 | D:1      | Reached skill level 3 in Armour
   776 | D:1      | Found a shimmering altar of Xom.
   786 | D:1      | Became a worshipper of Xom the Tricky
   839 | D:1      | XOM: divination: detect creatures
   918 | D:2      | XOM: divination: detect creatures
   933 | D:1      | Reached XP level 3. HP: 9/29 MP: 3/3
  1170 | D:2      | Noticed Robin
  1286 | D:2      | XOM: potion effect (curing)
  1535 | D:2      | Killed Robin
  1535 | D:2      | Reached skill level 4 in Armour
  1535 | D:2      | Reached XP level 4. HP: 33/35 MP: 4/4
  2204 | D:3      | XOM: potion effect (curing)
  2207 | D:4      | XOM: harmless Air miscast
  2252 | D:4      | XOM: divination: detect items
  2383 | D:3      | XOM: cloud trail
  2568 | D:4      | Got a jewelled rapier
  2569 | D:4      | Identified the +4 rapier "Zupu" {freeze, rF- Str+3 Dex+2}
                  | (You found it on level 4 of the Dungeon)
  2571 | D:4      | Noticed a phantom
  2574 | D:4      | Reached XP level 5. HP: 34/41 MP: 5/5
  2590 | D:4      | Killed a phantom
  2590 | D:4      | Reached skill level 5 in Armour
  2840 | D:3      | Reached XP level 6. HP: 47/47 MP: 6/6
  2916 | D:3      | XOM: divination: detect items
  2927 | D:3      | Reached skill level 6 in Armour
  3845 | D:4      | XOM: potion effect (haste)
  3855 | D:4      | XOM: harmless Fire miscast
  3857 | D:4      | Reached XP level 7. HP: 24/52 MP: 7/7
  3919 | D:4      | XOM: harmless Tloc miscast
  4094 | D:5      | Entered Level 5 of the Dungeon
  4107 | D:5      | XOM: harmless Summ miscast
  4252 | D:4      | XOM: cloud trail
  4312 | D:5      | XOM: harmless Chrm miscast
  4323 | D:5      | Reached skill level 7 in Armour
  4414 | D:5      | XOM: potion effect (brilliance)
  4754 | D:5      | Found a radiant altar of Vehumet.
  4794 | D:5      | XOM: cast spell 'Summon Butterflies'
  4807 | D:5      | Reached skill level 8 in Armour
  4907 | D:5      | XOM: cast spell 'Summon Small Mammal'
  5095 | D:6      | Noticed Edmund
  5120 | D:6      | XOM: mild Tmut miscast
  5131 | D:5      | XOM: harmless Tloc miscast
  5133 | D:5      | Killed Edmund
  5133 | D:5      | Reached XP level 8. HP: 32/58 MP: 8/8
  5772 | D:6      | Found a runed translucent door.
  5773 | D:6      | Noticed Crazy Yiuf
  5785 | D:6      | Killed Crazy Yiuf
  5922 | D:6      | XOM: silly message
  5933 | D:6      | XOM: blink monster(s)
  5941 | D:6      | XOM: 1-stop teleportation journey
  5958 | D:6      | Reached skill level 9 in Armour
  6279 | D:6      | XOM: severe Pois miscast
  6348 | D:6      | XOM: mild Pois miscast
  6489 | D:7      | XOM: swap monsters
  6518 | D:7      | Found a staircase to the Ecumenical Temple.
  6519 | D:7      | Noticed Prince Ribbit
  6540 | D:7      | Killed Prince Ribbit
  6540 | D:7      | Reached skill level 10 in Armour
  6774 | D:7      | XOM: harmless Tloc miscast
  6802 | D:7      | XOM: summons 4 hostile shadow creatures
  6901 | D:7      | Reached XP level 9. HP: 62/63 MP: 9/9
  6982 | D:7      | XOM: 1-stop teleportation journey
  7022 | D:7      | Noticed an elephant
  7022 | D:7      | a hippogriff changed into an elephant
  7022 | D:7      | XOM: polymorph hippogriff -> elephant
  7025 | D:7      | XOM: noise
  7037 | D:7      | XOM: cast spell 'Dispersal'
  7043 | D:7      | Killed an elephant
  7139 | D:7      | Reached skill level 11 in Armour
  7228 | D:7      | XOM: 8-stop teleportation journey
  7345 | D:7      | XOM: silly message
  7583 | D:7      | XOM: smoke on damage
  7586 | D:7      | XOM: smoke on damage
  7590 | D:7      | XOM: mild Necr miscast
  7603 | D:7      | Noticed a deep elf mage
  7606 | D:7      | XOM: medium Summ miscast
  8112 | D:7      | XOM: summons 3 hostile shadow creatures
  8466 | D:7      | Killed a deep elf mage
  8884 | D:8      | Reached skill level 12 in Armour
  9011 | D:8      | Reached XP level 10. HP: 70/70 MP: 10/10
  9223 | D:8      | Noticed Joseph
  9236 | D:8      | XOM: confuse monster(s)
  9246 | D:8      | HP: 2/70 [Joseph/+0 quarterstaff (11)]
  9588 | D:8      | XOM: cast spell 'Call Canine Familiar'
  9595 | D:8      | XOM: polymorph human -> tengu
  9749 | D:8      | XOM: mild Pois miscast
  9806 | D:8      | XOM: confuse monster(s)
  9816 | D:8      | Killed Joseph
  9991 | D:8      | XOM: god gift: ring of intelligence {god gift}
 10201 | D:8      | XOM: polymorph worker ant -> ooze
 10435 | D:9      | Found a corrupted altar of Lugonu.
 10435 | D:9      | Noticed an orange demon
 10435 | D:9      | Noticed a rust devil
 10518 | D:8      | XOM: scenery: create altars
 10618 | D:8      | XOM: harmless Pois miscast
 10657 | D:9      | XOM: swap monsters
 10659 | D:9      | XOM: enchant monster (bad)
 11165 | D:9      | Reached skill level 13 in Armour
 11235 | D:9      | Found a staircase to the Lair.
 11264 | D:9      | XOM: butterfly on damage
 11624 | D:9      | XOM: harmless Necr miscast
 11780 | D:9      | XOM: summons 4 hostile demons
 11801 | D:9      | XOM: silly message
 11821 | D:10     | Entered Level 10 of the Dungeon
 11876 | D:9      | XOM: smoke on damage
 11884 | D:9      | XOM: cast spell 'Chain of Chaos'
 12065 | D:9      | XOM: harmless Chrm miscast
 12192 | D:9      | Found a staircase to the Orcish Mines.
 12304 | D:8      | XOM: summons 2 hostile demons
 12379 | D:8      | XOM: god gift: scroll labeled OTER JIRRAUCI {god gift}
 12532 | D:9      | XOM: fog
 12896 | D:9      | XOM: scenery: create altars
 13033 | D:9      | XOM: summons 2 hostile shadow creatures
 13386 | D:9      | XOM: potion effect (haste)
 13439 | D:9      | XOM: summons 3 friendly demons
 13530 | D:9      | XOM: blink monster(s)
 13536 | D:9      | XOM: blink monster(s)
 13554 | D:9      | Reached XP level 11. HP: 48/75 MP: 11/11
 14061 | D:9      | Reached skill level 14 in Armour
 14095 | D:9      | XOM: summons 3 hostile shadow creatures
 14447 | D:10     | XOM: chaos cloud
 14615 | D:10     | XOM: 4-stop teleportation journey
 14893 | D:10     | XOM: confuse monster(s)
 15074 | D:10     | XOM: 1-stop teleportation journey
 15224 | D:10     | Killed an unseen horror
 15326 | D:10     | XOM is BORED!
 15326 | D:10     | XOM: medium Summ miscast
 15461 | D:10     | XOM: scenery: 1 doors close
 15525 | D:10     | XOM: god gift: mace {god gift}
 15531 | D:10     | XOM is BORED!
 15567 | D:11     | Noticed a two-headed ogre
 15574 | D:11     | XOM: summons 6 friendly demons
 15577 | D:11     | Killed a two-headed ogre
 15854 | D:11     | XOM: 7-stop teleportation journey
 16003 | D:11     | XOM: smoke on damage
 16245 | D:11     | Noticed a fire giant
 16253 | D:11     | Slain by a fire giant

Skill      XL: |  1  2  3  4  5  6  7  8  9 10 11 |
---------------+----------------------------------+-----
Armour         | 3 4 5 6 8 10 12 13 14 | 14.7
Fighting       | |  3.0
Short Blades   | |  1.5
Shields        | |  2.4

Action                   |  1- 3 |  4- 6 |  7- 9 | 10-12 || total
-------------------------+-------+-------+-------+-------++-------
Melee: Rapier            |   151 |   142 |   431 |   565 ||  1289
       Dagger            |       |   177 |       |       ||   177
Throw: Tomahawk          |       |       |    10 |    49 ||    59
       Throwing net      |       |       |     7 |     3 ||    10
Evoke: Wand              |       |       |     3 |     5 ||     8
  Use: Scroll            |     3 |     3 |     6 |     8 ||    20
 Stab: Held in net/web   |       |       |       |     2 ||     2
Armor: Scale mail        |    58 |    99 |   267 |    98 ||   522
       Plate armour      |       |       |       |   219 ||   219
Dodge: Dodged            |    47 |    76 |   102 |   141 ||   366
Block: Shield            |    58 |   149 |   234 |   308 ||   749
